[Event "DVM U20w 2019"]
[Site "Braunschweig"]
[Date "2019.12.27"]
[Round "1"]
[White "Bardorz, Jana"]
[Black "Müdder, Melanie"]
[Result "1-0"]
[ECO "B31"]
[WhiteElo "2054"]
[BlackElo "1902"]
[Annotator "NA RC"]
[PlyCount "74"]
[EventDate "2019.12.27"]
[EventType "team-tourn"]
[EventRounds "7"]
[EventCountry "GER"]
[SourceTitle "playchess.com"]
[Source "ChessBase"]
[SourceQuality "1"]
[WhiteTeam "SC Bavaria Regensburg"]
[BlackTeam "SG Solingen"]
[TimeControl "40/5400+30:1800+30"]

1. e4 c5 2. Nf3 Nc6 3. Bb5 g6 4. O-O Bg7 5. Bxc6 dxc6 6. d3 e5 7. Be3 Qd6 8. h3 f5 9. exf5 gxf5 10. Nbd2 f4 11. Ne4 Qg6 {[%emt 0:00:25] unterminated} 12. Bxc5 {[%emt 0:12:04] unterminated} Bxh3 $16 13. Nh4 Qh6 14. Nd6+ Kd7 15. gxh3 Qxh4 16. Kh2 b6 17. Nf5 Qf6 18. Qg4 h5 19. Qxg7+ Qxg7 20. Nxg7 bxc5 21. Rae1 Rh7 22. Rg1 Nf6 23. Rxe5 Ng4+ 24. hxg4 hxg4+ 25. Nh5 Rah8 26. Rxg4 Rxh5+ 27. Rxh5 Rxh5+ 28. Kg2 Re5 29. Kf3 Kd6 30. Rxf4 Kd5 31. Re4 Rf5+ 32. Ke3 Rh5 33. b3 Rh3+ 34. f3 Rh2 35. Rc4 Rh3 36. Kf4 Rh7 37. Kg5 Ke6 {[%emt 0:01:02] normal} 1-0

[Event "DVM U20w 2019"]
[Site "Braunschweig"]
[Date "2019.12.27"]
[Round "1"]
[White "Köhler, Inken"]
[Black "Schumann, Rabea"]
[Result "1-0"]
[ECO "B36"]
[WhiteElo "1998"]
[BlackElo "1873"]
[Annotator "NA RC"]
[PlyCount "49"]
[EventDate "2019.12.27"]
[EventType "team-tourn"]
[EventRounds "7"]
[EventCountry "GER"]
[SourceTitle "playchess.com"]
[Source "ChessBase"]
[SourceQuality "1"]
[WhiteTeam "TuRa Harksheide Norderstedt"]
[BlackTeam "SG Güstrow/Teterow"]
[TimeControl "40/5400+30:1800+30"]

1. e4 c5 2. Nf3 Nc6 3. d4 cxd4 4. Nxd4 g6 5. c4 Nf6 6. Nc3 d6 7. Be2 Nxd4 8. Qxd4 Bg7 9. Be3 O-O 10. Qd2 Be6 11. Rc1 Qa5 12. O-O Rfc8 13. b3 a6 14. Bf3 Rab8 15. Ba7 Ra8 16. Bd4 Rab8 17. Qe3 {[%emt 0:06:05] unterminated} Ng4 (17... Nd7 $11 {remains equal.}) 18. Bxg4 $1 Bxg4 $16 19. Bb6 Qe5 20. Nd5 Rc6 21. f4 Qe6 22. h3 Bh5 23. g4 Bxg4 24. hxg4 Qxg4+ 25. Kh2 {[%emt 0:01:39] normal} 1-0

[Event "DVM U20w 2019"]
[Site "Braunschweig"]
[Date "2019.12.27"]
[Round "1"]
[White "Sherif, Amina"]
[Black "Puls, Luisa"]
[Result "*"]
[ECO "B70"]
[WhiteElo "1945"]
[BlackElo "1551"]
[Annotator "NA RC"]
[PlyCount "42"]
[EventDate "2019.12.27"]
[EventType "team-tourn"]
[EventRounds "7"]
[EventCountry "GER"]
[SourceTitle "playchess.com"]
[Source "ChessBase"]
[SourceQuality "1"]
[WhiteTeam "TuRa Harksheide Norderstedt"]
[BlackTeam "SG Güstrow/Teterow"]
[TimeControl "40/5400+30:1800+30"]

1. e4 c5 2. Nf3 d6 3. d4 cxd4 4. Nxd4 Nf6 5. Nc3 g6 6. g3 Bg7 7. Bg2 O-O 8. O-O Nbd7 9. h3 Re8 10. Be3 Ne5 11. b3 Bd7 12. Qd2 Bc6 13. Rac1 Rc8 14. f4 Ned7 15. Nxc6 bxc6 {[%emt 0:04:16] unterminated} 16. Bxa7 {[%emt 0:10:13] unterminated} Qa5 $16 ({Black should try} 16... Nb6) 17. Be3 Red8 18. Rfd1 Nc5 19. Nd5 Qxd2 20. Nxf6+ Bxf6 21. Rxd2 Na6 {[%emt 0:01:16] unterminated} *

[Event "DVM U20w 2019"]
[Site "Braunschweig"]
[Date "2019.12.27"]
[Round "1"]
[White "Bashylina, Luisa"]
[Black "Pavlov, Liliane"]
[Result "1-0"]
[ECO "B53"]
[WhiteElo "1935"]
[BlackElo "1623"]
[Annotator "NA RC"]
[PlyCount "60"]
[EventDate "2019.12.27"]
[EventType "team-tourn"]
[EventRounds "7"]
[EventCountry "GER"]
[SourceTitle "playchess.com"]
[Source "ChessBase"]
[SourceQuality "1"]
[WhiteTeam "SG Solingen"]
[BlackTeam "SC Bavaria Regensburg"]
[TimeControl "40/5400+30:1800+30"]

1. e4 c5 2. Nf3 d6 3. d4 cxd4 4. Qxd4 Bd7 5. c4 e5 6. Qd3 Nc6 7. Be2 Nf6 8. Nc3 Be7 9. Bg5 a6 10. Rd1 Qa5 11. O-O Rd8 12. Bxf6 gxf6 13. Nd5 Nb4 14. Qd2 Nc6 15. Qh6 Be6 16. Nxf6+ Bxf6 17. Qxf6 Rg8 18. Ng5 Rg6 {unterminated} 19. Qh8+ Ke7 20. Qxh7 {unterminated} Rxg5 21. Qh4 {unterminated} Rdg8 {unterminated} 22. a3 $19 Nd4 23. Rxd4 f6 24. Rdd1 Rxg2+ 25. Kh1 Qd8 26. c5 d5 27. Bh5 Qd7 28. f4 Qa4 29. fxe5 R8g5 30. exf6+ Kf8 {normal} 1-0

[Event "DVM U20w 2019"]
[Site "Braunschweig"]
[Date "2019.12.27"]
[Round "1"]
[White "Peglau, Sarah"]
[Black "Schiewe, Nadin"]
[Result "*"]
[ECO "D31"]
[WhiteElo "1760"]
[BlackElo "1629"]
[Annotator "NA RC"]
[PlyCount "51"]
[EventDate "2019.12.27"]
[EventType "team-tourn"]
[EventRounds "7"]
[EventCountry "GER"]
[SourceTitle "playchess.com"]
[Source "ChessBase"]
[SourceQuality "1"]
[WhiteTeam "Schachzentrum Seeblick"]
[BlackTeam "Leegebrucher SF"]
[TimeControl "40/5400+30:1800+30"]

1. d4 d5 2. c4 e6 3. Nc3 c6 4. e3 Bd6 5. Nf3 Nd7 6. Bd2 f5 7. Qc2 Ngf6 8. cxd5 Nxd5 9. a3 O-O 10. Bd3 N7f6 11. O-O Qe8 12. b4 Nxc3 13. Bxc3 b6 14. Rfc1 Bb7 15. Bb2 Qg6 16. Qb3 Rfe8 17. Kf1 Ng4 18. h3 Nh2+ 19. Nxh2 Bxh2 20. g4 Kh8 21. f4 Qh6 22. Kg2 Qh4 23. d5 Qg3+ 24. Kf1 Qxh3+ 25. Ke1 Qxe3+ 26. Kd1 {[%emt 0:00:23] unterminated} *

[Event "DVM U20w 2019"]
[Site "Braunschweig"]
[Date "2019.12.27"]
[Round "1"]
[White "Sereda, Yaroslava"]
[Black "Prölß, Clara"]
[Result "1-0"]
[ECO "C77"]
[WhiteElo "1726"]
[BlackElo "1000"]
[Annotator "NA RC"]
[PlyCount "77"]
[EventDate "2019.12.27"]
[EventType "team-tourn"]
[EventRounds "7"]
[EventCountry "GER"]
[SourceTitle "playchess.com"]
[Source "ChessBase"]
[SourceQuality "1"]
[WhiteTeam "SG Solingen"]
[BlackTeam "SC Bavaria Regensburg"]
[TimeControl "40/5400+30:1800+30"]

1. e4 e5 2. Nf3 Nc6 3. Bb5 a6 4. Ba4 Nf6 5. d4 b5 6. Bb3 d6 7. Ng5 d5 8. exd5 Nxd4 9. O-O Bd6 10. f4 Nxb3 11. axb3 O-O 12. Qd3 Re8 13. fxe5 Bxe5 14. c4 Bd7 15. Nc3 h6 16. Nf3 Bd6 17. Bd2 c6 18. Rae1 Bc5+ 19. Nd4 b4 20. Na4 Bxd4+ 21. Qxd4 cxd5 22. cxd5 Bxa4 23. bxa4 Nxd5 24. Rxe8+ Qxe8 25. Qxd5 Rd8 26. Qc4 Rxd2 27. Qxb4 Qe3+ 28. Kh1 Qe2 29. Rg1 Rxb2 30. Qc5 g6 31. Qc8+ Kh7 32. Qf8 Rd2 33. Qxf7+ Kh8 34. Qxg6 Rd1 35. Qxh6+ Kg8 36. Qb6 Rxg1+ 37. Qxg1 Qc4 38. Qa1 Kf8 39. h3 {[%emt 0:00:33] normal} 1-0

[Event "DVM U20w 2019"]
[Site "Braunschweig"]
[Date "2019.12.27"]
[Round "1"]
[White "Oberhofer, Marie"]
[Black "Berelowitsch, Dana"]
[Result "0-1"]
[ECO "B27"]
[WhiteElo "1700"]
[BlackElo "1792"]
[Annotator "NA RC"]
[PlyCount "77"]
[EventDate "2019.12.27"]
[EventType "team-tourn"]
[EventRounds "7"]
[EventCountry "GER"]
[SourceTitle "playchess.com"]
[Source "ChessBase"]
[SourceQuality "1"]
[WhiteTeam "SC Bavaria Regensburg"]
[BlackTeam "SG Solingen"]
[TimeControl "40/5400+30:1800+30"]

1. e4 c5 2. Nf3 g6 3. d4 cxd4 4. Nxd4 Bg7 5. Be3 Nc6 6. Nc3 Nf6 7. Nxc6 bxc6 8. e5 Nd5 9. Nxd5 cxd5 10. Qxd5 Rb8 11. Bc4 O-O 12. O-O Bb7 13. Qd4 Qc7 14. f4 d6 15. Bb3 dxe5 16. Qd2 Rbd8 17. Qf2 Ba6 18. Rfd1 exf4 19. Bxf4 e5 20. Bg5 Rd7 21. Rd2 Rxd2 22. Qxd2 e4 23. c3 Bd3 24. Bc2 Bxc2 25. Qxc2 Qc5+ 26. Kf1 Qxg5 27. Qxe4 Qb5+ 28. Qe2 Qxe2+ 29. Kxe2 Rb8 30. b3 Bxc3 31. Rc1 Be5 32. h3 Rb7 33. Rc5 Bd6 34. Rd5 Be7 35. Kd3 Kg7 36. Kc4 Kf6 37. Kd4 Ke6 38. Re5+ Kd6 39. Rd5+ {[%emt 0:00:46] normal} 0-1

[Event "DVM U20w 2019"]
[Site "Braunschweig"]
[Date "2019.12.27"]
[Round "1"]
[White "Jörs, Pia-Milena"]
[Black "Schnabel, Luise"]
[Result "*"]
[ECO "A48"]
[WhiteElo "1646"]
[BlackElo "1836"]
[Annotator "NA RC"]
[PlyCount "54"]
[EventDate "2019.12.27"]
[EventType "team-tourn"]
[EventRounds "7"]
[EventCountry "GER"]
[SourceTitle "playchess.com"]
[Source "ChessBase"]
[SourceQuality "1"]
[WhiteTeam "SG Güstrow/Teterow"]
[BlackTeam "TuRa Harksheide Norderstedt"]
[TimeControl "40/5400+30:1800+30"]

1. d4 Nf6 2. Nf3 g6 3. Bf4 Bg7 4. e3 O-O 5. Bd3 d6 6. h3 Nbd7 7. O-O Re8 8. Bh2 e5 9. dxe5 dxe5 10. Bc4 Qe7 11. c3 h6 12. Nbd2 c6 13. Bb3 b5 14. a4 Bb7 {[%emt 0:05:09] unterminated} 15. Qc2 {[%emt 0:05:41] unterminated} Kf8 {[%emt 0:10:28] unterminated} 16. Rfd1 $11 a6 17. Ne4 Nxe4 18. Qxe4 Nc5 19. Qc2 Nxb3 20. Qxb3 Rad8 21. Rxd8 Rxd8 22. Rd1 Rxd1+ 23. Qxd1 c5 24. axb5 axb5 25. Qe2 {[%emt 0:00:40] unterminated} c4 26. e4 {[%emt 0:01:17] unterminated} Qc5 27. Qd2 Ke7 {[%emt 0:00:53] unterminated} *

[Event "DVM U20w 2019"]
[Site "Braunschweig"]
[Date "2019.12.27"]
[Round "1"]
[White "Jacoby, Angelina"]
[Black "Peglau, Mirjam"]
[Result "*"]
[ECO "A80"]
[WhiteElo "1635"]
[BlackElo "1916"]
[Annotator "NA RC"]
[PlyCount "57"]
[EventDate "2019.12.27"]
[EventType "team-tourn"]
[EventRounds "7"]
[EventCountry "GER"]
[SourceTitle "playchess.com"]
[Source "ChessBase"]
[SourceQuality "1"]
[WhiteTeam "Leegebrucher SF"]
[BlackTeam "Schachzentrum Seeblick"]
[TimeControl "40/5400+30:1800+30"]

1. d4 f5 2. Bf4 Nf6 3. e3 g6 4. Nf3 Bg7 5. h3 d6 6. Be2 {[%emt 0:03:24] A80: Dutch Defence: Unusual White second moves} O-O 7. c3 (7. O-O e6 8. Bh2 Nc6 9. Nbd2 Qe7 10. c3 b6 11. b4 a5 12. Qb3 Bb7 {½-½ (42) Aronian,L (2826)-Caruana,F (2781) Zuerich 2014}) 7... h6 8. Nbd2 Nc6 9. O-O Qe8 10. Bc4+ $146 ({Predecessor:} 10. Bh2 g5 11. b4 e6 12. b5 Ne7 13. a4 {½-½ (36) Heinrich,O (1965)-Meissner,R (2043) GER email 2010}) 10... Kh7 11. Re1 e5 12. dxe5 dxe5 13. Bh2 Bd7 14. e4 f4 15. Qc2 g5 16. Rad1 {[%emt 0:11:52] unterminated} g4 17. hxg4 Nxg4 {[%emt 0:00:25] unterminated} 18. Nb3 {[%emt 0:04:45] unterminated} b6 {[%emt 0:05:29] unterminated} 19. Rd2 Be6 $11 20. Bd5 Rd8 21. Red1 Rd6 22. a3 Qg6 23. Bxe6 Rxd2 24. Rxd2 Qxe6 25. Rd5 {[%emt 0:02:33] unterminated} Ne7 26. Rd1 {[%emt 0:01:41] unterminated} Ng6 {[%emt 0:07:15] unterminated} 27. Nc1 Qf6 {[%emt 0:02:05] unterminated} 28. Nd3 {[%emt 0:01:39] unterminated} Nh4 29. Nde1 {[%emt 0:00:29] unterminated} *

[Event "DVM U20w 2019"]
[Site "Braunschweig"]
[Date "2019.12.27"]
[Round "1"]
[White "Peglau, Dora"]
[Black "Sauer, Annika"]
[Result "1-0"]
[ECO "D02"]
[WhiteElo "1502"]
[BlackElo "1569"]
[Annotator "NA RC"]
[PlyCount "65"]
[EventDate "2019.12.27"]
[EventType "team-tourn"]
[EventRounds "7"]
[EventCountry "GER"]
[SourceTitle "playchess.com"]
[Source "ChessBase"]
[SourceQuality "1"]
[WhiteTeam "Schachzentrum Seeblick"]
[BlackTeam "Leegebrucher SF"]
[TimeControl "40/5400+30:1800+30"]

1. d4 d5 2. Nf3 Nf6 3. Bf4 Bf5 4. e3 e6 5. c4 Bd6 6. Bg3 O-O 7. Nc3 c6 8. Rc1 Ne4 9. Nxe4 Bxe4 10. Bd3 Bb4+ 11. Ke2 Bg6 12. a3 Be7 13. Re1 Nd7 14. cxd5 exd5 15. Kf1 Re8 16. b4 Nf6 17. Qb3 Bxd3+ 18. Qxd3 Ne4 19. Bf4 Bd6 20. Bxd6 Qxd6 21. b5 Rac8 22. bxc6 Rxc6 23. Rxc6 Qxc6 24. Ne5 Qe6 25. Qb5 f6 26. Nd3 b6 27. Nf4 Nc3 28. Qb3 Qc6 29. Rc1 Qb5+ 30. Qxb5 Nxb5 31. a4 Nd6 32. Nxd5 Rc8 33. Ne7+ {[%emt 0:00:07] normal} 1-0

[Event "DVM U20w 2019"]
[Site "Braunschweig"]
[Date "2019.12.27"]
[Round "1"]
[White "Kung, Fanny"]
[Black "Peglau, Charis"]
[Result "0-1"]
[ECO "B13"]
[WhiteElo "1426"]
[BlackElo "1728"]
[Annotator "NA RC"]
[PlyCount "92"]
[EventDate "2019.12.27"]
[EventType "team-tourn"]
[EventRounds "7"]
[EventCountry "GER"]
[SourceTitle "playchess.com"]
[Source "ChessBase"]
[SourceQuality "1"]
[WhiteTeam "Leegebrucher SF"]
[BlackTeam "Schachzentrum Seeblick"]
[TimeControl "40/5400+30:1800+30"]

1. e4 c6 2. d4 d5 3. exd5 cxd5 4. Nf3 Nf6 5. c3 Bf5 6. Be2 e6 7. Bf4 Nc6 8. O-O Qb6 9. Qb3 Be7 10. Qxb6 axb6 11. Nbd2 O-O 12. Rfe1 Rfc8 13. Nb3 Na5 14. Nbd2 Nh5 15. Be3 Nf6 16. Ne5 Bd6 17. Bf3 b5 18. Rec1 Nc4 19. Ndxc4 bxc4 20. Be2 Ra5 21. f3 h6 22. h4 Rca8 23. a3 h5 24. Kf2 Kf8 25. Rg1 Ke8 26. g4 hxg4 27. fxg4 Ne4+ 28. Ke1 Bh7 29. g5 Bf5 30. Bf4 Ke7 31. h5 Rh8 32. Bf3 Rb5 33. Rg2 Rb3 34. Rc1 Bh3 35. Rh2 Bxe5 36. Bxe5 Nxg5 37. Bh1 f6 38. Bg3 Rxh5 39. Rcc2 Bg4 40. Rxh5 Bxh5 41. Bg2 Bg6 42. Re2 Bd3 43. Re3 Ne4 44. Bf4 Rxb2 45. Bf3 Rb1+ 46. Bd1 Nxc3 {[%emt 0:00:13] normal} 0-1

[Event "DVM U20w 2019"]
[Site "Braunschweig"]
[Date "2019.12.27"]
[Round "1"]
[White "Zoll, Cindy"]
[Black "Giede, Anna-Blume"]
[Result "0-1"]
[ECO "A02"]
[WhiteElo "1387"]
[BlackElo "1582"]
[Annotator "NA RC"]
[PlyCount "68"]
[EventDate "2019.12.27"]
[EventType "team-tourn"]
[EventRounds "7"]
[EventCountry "GER"]
[SourceTitle "playchess.com"]
[Source "ChessBase"]
[SourceQuality "1"]
[WhiteTeam "SG Güstrow/Teterow"]
[BlackTeam "TuRa Harksheide Norderstedt"]
[TimeControl "40/5400+30:1800+30"]

1. f4 d6 2. e3 Nf6 3. Nf3 g6 4. d4 Bg7 5. Bd3 O-O 6. O-O c5 7. c3 Nc6 8. Bc2 e5 9. d5 Na5 10. e4 exf4 11. Bxf4 Re8 12. Nbd2 b6 13. Rb1 Ba6 14. Re1 Rc8 15. b3 Qd7 16. Nf1 Nb7 17. Ng5 h6 18. Nh3 Bxf1 19. Kxf1 Re7 20. Bd2 Rce8 21. Qf3 g5 22. Nxg5 hxg5 23. Bxg5 Ng4 24. Qh3 f6 25. e5 Nxe5 26. Qh7+ Kf8 27. Bh6 Bxh6 28. Qxh6+ Rg7 29. Qxf6+ Rf7 30. Qxf7+ Qxf7+ 31. Kg1 Qh5 32. Rf1+ Ke7 33. Rf5 Qe2 34. Rf2 Qe3 {[%emt 0:00:36] normal} 0-1

[Event "DVM U20w 2019"]
[Site "Braunschweig"]
[Date "2019.12.27"]
[Round "2"]
[White "Ziegenfuß, Antonia"]
[Black "Brunner, Sophia"]
[Result "1-0"]
[ECO "D35"]
[WhiteElo "2052"]
[BlackElo "1852"]
[Annotator "NA"]
[PlyCount "118"]
[EventDate "2019.12.27"]
[EventType "team-tourn"]
[EventRounds "7"]
[EventCountry "GER"]
[SourceTitle "playchess.com"]
[Source "ChessBase"]
[SourceQuality "1"]
[WhiteTeam "OSG Baden-Baden"]
[BlackTeam "SK Nordhorn-Blanke"]
[TimeControl "40/5400+30:1800+30"]

1. d4 Nf6 2. c4 e6 3. Nc3 d5 4. cxd5 exd5 5. Bg5 Be7 6. e3 c6 7. Qc2 h6 8. Bh4 O-O 9. f3 Re8 10. Nge2 Bb4 11. Bf2 Nbd7 12. a3 Ba5 13. g4 Nh7 14. h4 Ndf8 15. Qd3 Qf6 16. Bg2 Qg6 17. Qd2 f5 18. O-O-O fxg4 19. Rdg1 Qf7 20. Nf4 Bc7 21. fxg4 Bxf4 22. exf4 Bxg4 23. Bxd5 cxd5 24. Rxg4 Nf6 25. Rg2 Ne4 26. Nxe4 Rxe4 27. Rhg1 Ne6 28. Kb1 Qf5 29. Ka2 Rf8 30. Be3 Rf7 31. Rg3 Nf8 32. Qg2 Ree7 33. Rc1 Rc7 34. Qd2 Ne6 35. Rgg1 Nd8 36. Rgd1 Ne6 37. Rg1 Nd8 38. Rgd1 Nc6 39. Rc5 b6 40. Rc3 Na5 41. b3 Nb7 42. Rdc1 Rxc3 43. Qxc3 Re7 44. Kb2 Qh3 45. Bd2 Qxc3+ 46. Rxc3 Nd6 47. Re3 Rxe3 48. Bxe3 Kf7 49. Kc3 Ke6 50. Kb4 Kf5 51. Bg1 Kg4 52. f5 Nxf5 53. Kb5 Kg3 54. Ka6 Kg2 55. Kxa7 Kxg1 56. Kxb6 g5 57. hxg5 h5 58. a4 h4 59. a5 h3 {[%emt 0:00:57] normal} 1-0

[Event "DVM U20w 2019"]
[Site "Braunschweig"]
[Date "2019.12.27"]
[Round "2"]
[White "Miljkovic, Jovana"]
[Black "Köhler, Inken"]
[Result "1/2-1/2"]
[ECO "B06"]
[WhiteElo "2021"]
[BlackElo "1998"]
[Annotator "NA"]
[PlyCount "92"]
[EventDate "2019.12.27"]
[EventType "team-tourn"]
[EventRounds "7"]
[EventCountry "GER"]
[SourceTitle "playchess.com"]
[Source "ChessBase"]
[SourceQuality "1"]
[WhiteTeam "SV Lingen"]
[BlackTeam "TuRa Harksheide Norderstedt"]
[TimeControl "40/5400+30:1800+30"]

1. Nf3 g6 2. e4 Bg7 3. d4 d6 4. c3 Nf6 5. Bd3 O-O 6. O-O Nbd7 7. h3 e5 8. Re1 Qe7 9. a4 a5 10. Na3 Nb6 11. Qc2 c6 12. dxe5 dxe5 13. Be3 Nfd7 14. Nc4 Nxc4 15. Bxc4 Nc5 16. Red1 Ne6 17. Rd2 Rd8 18. Rad1 Rxd2 19. Qxd2 b5 20. axb5 cxb5 21. Bxb5 Bb7 22. Qd7 Qxd7 23. Rxd7 Bxe4 24. Ng5 Bf5 25. Nxe6 Bxe6 26. Ra7 Rxa7 27. Bxa7 Bb3 28. Bb6 a4 29. Kf1 e4 30. Bd4 Bxd4 31. cxd4 f5 32. d5 Bxd5 33. Bxa4 Kf7 34. g3 Ke6 35. Ke2 Ke5 36. h4 h6 37. Be8 g5 38. hxg5 hxg5 39. Kd2 f4 40. gxf4+ Kxf4 41. Bb5 Kf3 42. Ke1 Bb3 43. Be2+ Kg2 44. Bg4 Bc4 45. b4 Ba6 46. Bd7 {[%emt 0:04:07] normal} Kf3 {[%emt 0:05:53] normal} 1/2-1/2

[Event "DVM U20w 2019"]
[Site "Braunschweig"]
[Date "2019.12.27"]
[Round "2"]
[White "Peglau, Mirjam"]
[Black "Möller, Lisa-Marie"]
[Result "1/2-1/2"]
[ECO "A04"]
[WhiteElo "1916"]
[BlackElo "1934"]
[Annotator "NA"]
[PlyCount "88"]
[EventDate "2019.12.27"]
[EventType "team-tourn"]
[EventRounds "7"]
[EventCountry "GER"]
[SourceTitle "playchess.com"]
[Source "ChessBase"]
[SourceQuality "1"]
[WhiteTeam "Schachzentrum Seeblick"]
[BlackTeam "Düsseldorfer SK"]
[TimeControl "40/5400+30:1800+30"]

1. Nf3 c5 2. c4 g6 3. d4 cxd4 4. Nxd4 Bg7 5. Nc3 Nf6 6. e4 d6 7. Be2 O-O 8. Be3 Nc6 9. O-O Nxd4 10. Bxd4 Be6 11. b3 Nd7 12. f4 Bxd4+ 13. Qxd4 Qb6 14. Rad1 Qxd4+ 15. Rxd4 Nb6 16. f5 Bd7 17. f6 Rfe8 18. fxe7 Rxe7 19. Rxd6 Bc6 20. Bf3 Nd7 21. Nd5 Bxd5 22. exd5 Rae8 23. h3 Kg7 24. Bd1 Nc5 25. Bc2 f5 26. b4 Ne4 27. Bxe4 Rxe4 28. Rc1 R8e7 29. Rc3 Rc7 30. a3 Rexc4 31. Rxc4 Rxc4 32. Rd7+ Kf6 33. Rxb7 a5 34. d6 Ke6 35. d7 Ke7 36. bxa5 Ra4 37. Ra7 Rxa3 38. a6 Ra2 39. Kf1 g5 40. d8=Q+ Kxd8 41. Rxh7 Rxa6 42. Rg7 g4 43. hxg4 fxg4 44. Rxg4 Ke7 {[%emt 0:00:20] normal} 1/2-1/2

[Event "DVM U20w 2019"]
[Site "Braunschweig"]
[Date "2019.12.27"]
[Round "2"]
[White "Schumann, Rabea"]
[Black "Rempe, Janne"]
[Result "1/2-1/2"]
[ECO "A10"]
[WhiteElo "1873"]
[BlackElo "1559"]
[Annotator "NA"]
[PlyCount "108"]
[EventDate "2019.12.27"]
[EventType "team-tourn"]
[EventRounds "7"]
[EventCountry "GER"]
[SourceTitle "playchess.com"]
[Source "ChessBase"]
[SourceQuality "1"]
[WhiteTeam "SG Güstrow/Teterow"]
[BlackTeam "SK Doppelbauer Kiel"]
[TimeControl "40/5400+30:1800+30"]

1. c4 d6 2. g3 Nf6 3. Bg2 Nbd7 4. Nc3 e5 5. e4 Be7 6. Nge2 O-O 7. O-O c6 8. d3 Re8 9. h3 Nf8 10. f4 exf4 11. Nxf4 Bd7 12. Be3 Qc8 13. Kh2 Ng6 14. Qd2 Ne5 15. b3 h5 16. d4 Ng6 17. Nxg6 fxg6 18. Qd3 Rf8 19. e5 Bf5 20. Rxf5 gxf5 21. exf6 Bxf6 22. Rf1 h4 23. gxh4 Bxh4 24. Bf4 Qd7 25. c5 dxc5 26. Qc4+ Qf7 27. Qxf7+ Rxf7 28. dxc5 Rd8 29. Bd6 Re8 30. b4 a6 31. a4 Re3 32. Rf3 f4 33. Rxe3 fxe3 34. Bg3 Bxg3+ 35. Kxg3 Rf2 36. Bf3 Rc2 37. Ne2 Rc4 38. b5 Rxc5 39. bxc6 bxc6 40. Kf4 Rc4+ 41. Kxe3 Rxa4 42. Bxc6 Ra3+ 43. Kd4 Rxh3 44. Kc5 g5 45. Bb7 a5 46. Nd4 a4 47. Kb4 Rh4 48. Kc3 g4 49. Bc6 Rh3+ 50. Kb4 g3 51. Nf5 a3 52. Ne3 Kf8 53. Kxa3 g2 54. Bxg2 Rxe3+ {[%emt 0:00:00] normal} 1/2-1/2

[Event "DVM U20w 2019"]
[Site "Braunschweig"]
[Date "2019.12.27"]
[Round "2"]
[White "Hartmann, Cora"]
[Black "Bashylina, Luisa"]
[Result "1/2-1/2"]
[ECO "B28"]
[WhiteElo "1842"]
[BlackElo "1935"]
[Annotator "NA"]
[PlyCount "66"]
[EventDate "2019.12.27"]
[EventType "team-tourn"]
[EventRounds "7"]
[EventCountry "GER"]
[SourceTitle "playchess.com"]
[Source "ChessBase"]
[SourceQuality "1"]
[WhiteTeam "SC Borussia Lichtenberg"]
[BlackTeam "SG Solingen"]
[TimeControl "40/5400+30:1800+30"]

1. e4 c5 2. Nf3 a6 3. d3 e6 4. g3 g6 5. Bg2 Bg7 6. O-O d6 7. Nbd2 Ne7 8. Ne1 Nbc6 9. f4 O-O 10. Nc4 f5 11. Nf3 b5 12. Ncd2 Rb8 13. Re1 e5 14. Nf1 Nd4 15. c3 Nxf3+ 16. Bxf3 Qb6 17. Be3 Be6 18. Qc2 b4 19. Reb1 Bxa2 20. Re1 Nc6 21. Qa4 Be6 22. exf5 Bd7 23. fxg6 exf4 24. Bxf4 Ne5 25. Bd5+ Kh8 26. Qxa6 Qxa6 27. Rxa6 Nxd3 28. Re7 bxc3 29. bxc3 Bh3 30. Raa7 Nxf4 31. gxf4 Rxf4 32. Bg2 Bxg2 33. Rxg7 Be4 {normal} 1/2-1/2

[Event "DVM U20w 2019"]
[Site "Braunschweig"]
[Date "2019.12.27"]
[Round "2"]
[White "Schnabel, Luise"]
[Black "Mönster, Madita"]
[Result "1-0"]
[ECO "B99"]
[WhiteElo "1836"]
[BlackElo "1956"]
[Annotator "NA"]
[PlyCount "129"]
[EventDate "2019.12.27"]
[EventType "team-tourn"]
[EventRounds "7"]
[EventCountry "GER"]
[SourceTitle "playchess.com"]
[Source "ChessBase"]
[SourceQuality "1"]
[WhiteTeam "TuRa Harksheide Norderstedt"]
[BlackTeam "SV Lingen"]
[TimeControl "40/5400+30:1800+30"]

1. e4 c5 2. Nf3 d6 3. d4 cxd4 4. Nxd4 Nf6 5. Nc3 a6 6. Bg5 Nbd7 7. f4 Qc7 8. Qf3 e6 9. O-O-O Be7 10. Bd3 O-O 11. g4 Nb6 12. Bh4 Ne8 13. Bxe7 Qxe7 14. h4 Bd7 15. g5 Rc8 16. Rhg1 f6 17. Rd2 Nc4 18. Bxc4 Rxc4 19. Qd3 Rc5 20. Rdg2 fxg5 21. Nb3 Rc8 22. fxg5 b5 23. a3 Bc6 24. Rg4 Qd8 25. Rf1 Nc7 26. Rgf4 Qe7 27. Qe3 Bd7 28. Kb1 Rxf4 29. Rxf4 e5 30. Rf2 Be6 31. Ne2 Rf8 32. Rxf8+ Qxf8 33. Qb6 Qe7 34. Na5 Qd7 35. Nc6 Qf7 36. Nc1 Qd7 37. Nb8 Qc8 38. Nc6 Qd7 39. Nb4 d5 40. exd5 Nxd5 41. Qb8+ Kf7 42. Qxe5 Nxb4 43. Qf4+ Kg8 44. Qxb4 Qc6 45. Qf4 Qb6 46. h5 Bf7 47. h6 Qg6 48. Qb8+ Be8 49. Nd3 Kf8 50. Qf4+ Qf7 51. Qd6+ Kg8 52. Qxa6 gxh6 53. gxh6 Qg6 54. Qc8 Kf8 55. Qc5+ Kg8 56. Qe7 Bf7 57. Qd8+ Be8 58. Ne5 Qh5 59. Qe7 Bf7 60. Nxf7 Qxf7 61. Qxf7+ Kxf7 62. b3 Kg6 63. a4 bxa4 64. bxa4 Kxh6 65. a5 {[%emt 0:00:13] normal} 1-0

[Event "DVM U20w 2019"]
[Site "Braunschweig"]
[Date "2019.12.27"]
[Round "2"]
[White "Möller, Hannah"]
[Black "Sherif, Amina"]
[Result "1-0"]
[ECO "A04"]
[WhiteElo "1832"]
[BlackElo "1945"]
[Annotator "NA"]
[PlyCount "79"]
[EventDate "2019.12.27"]
[EventType "team-tourn"]
[EventRounds "7"]
[EventCountry "GER"]
[SourceTitle "playchess.com"]
[Source "ChessBase"]
[SourceQuality "1"]
[WhiteTeam "SV Lingen"]
[BlackTeam "TuRa Harksheide Norderstedt"]
[TimeControl "40/5400+30:1800+30"]

1. Nf3 d6 2. d4 Nf6 3. g3 Nbd7 4. Bg2 e5 5. dxe5 dxe5 6. O-O Be7 7. c4 O-O 8. Nc3 c6 9. a3 Qc7 10. Qc2 Re8 11. b4 Nb6 12. c5 Nbd5 13. Bb2 Bf8 14. e4 Ne7 15. Nd1 Ng6 16. Ne3 b6 17. cxb6 axb6 18. Rfd1 c5 19. bxc5 Bxc5 20. Nd2 Ra7 21. Qc3 Qb7 22. Nd5 Nxd5 23. exd5 Bg4 24. Re1 Qd7 25. Nb3 Bd6 26. Qc6 Qe7 27. Qxb6 Rb7 28. Qe3 Reb8 29. Na5 Rxb2 30. Nc6 Qc7 31. Nxb8 Qxb8 32. a4 Qb4 33. Rec1 Re2 34. Qc3 Qb6 35. Rf1 e4 36. Qc6 Qxc6 37. dxc6 Bc8 38. c7 Ne5 39. Rad1 Be7 40. Rd8+ {[%emt 0:00:15] normal} 1-0